 Dungeon Crawl Stone Soup version 0.31-a0-596-g831eee08f1 (webtiles) character file.

Game seed: 22303971942868309

319 thirtiethelement the Firebug (level 6, 0/46 (47) HPs)
             Began as a Demonspawn Cinder Acolyte on Aug 20, 2023.
             Was a High Priest of Ignis.
             Slain by a wight
             ... wielding a +2 flail
              (1 damage)
             ... on level 4 of the Dungeon.
             The game lasted 00:07:04 (3384 turns).

thirtiethelement the Firebug (DsCA)                 Turns: 3384, Time: 00:07:05

HP:   0/46 (47)     AC: 17    Str: 14    XL:     6   Next: 21%
MP:   2/9           EV: 11    Int: 17    God:    Ignis [*****.]
Gold: 231           SH:  0    Dex:  9    Spells: 3/9 levels left

rFire   + . .        o - +5 short sword
rCold   . . .        (no shield)
rNeg    . . .        e - +0 leather armour
rPois   .            (no helmet)
rElec   .            p - +0 cloak
rCorr   .            (no gloves)
SInv    .            (no boots)
Will    .....        (no amulet)
Stlth   +            f - +4 ring of protection
HPRegen 0.27/turn    (no ring)
MPRegen 0.11/turn

%: no passive effects
@: mighty, fiery-armoured, lightly drained
A: thin metallic scales 1, powered by pain 2, demonic touch 1
a: Renounce Religion, Fiery Armour, Foxfire Swarm, Rising Flame


You were on level 4 of the Dungeon.
You worshipped Ignis.
Ignis was extremely pleased with you.
You visited 1 branch of the dungeon, and saw 4 of its levels.

You collected 231 gold pieces.

Inventory:

Hand Weapons
 o - a +5 short sword (weapon)
Missiles
 r - a throwing net
Armour
 e - a +0 leather armour (worn)
 p - a +0 cloak (worn)
Jewellery
 f - a +4 ring of protection (left hand)
 i - a ring of ice
Scrolls
 a - a scroll of poison {unknown}
 b - a scroll of revelation {unknown}
 g - a scroll of fog {unknown}
 h - 4 scrolls of identify {unknown}
 j - a scroll of silence {unknown}
Potions
 c - 2 potions of heal wounds {unknown}
 d - a potion of lignification {unknown}
 k - a potion of degeneration {unknown}
 l - a potion of enlightenment {unknown}
 m - a potion of brilliance {unknown}
 n - a potion of haste {unknown}
 q - a potion of curing {unknown}


   Skills:
 + Level 3.6 Fighting
 + Level 1.2(2.5) Short Blades
 - Level 3.5(3.6) Long Blades
 + Level 1.7 Armour
 + Level 0.8 Dodging
 + Level 0.2 Stealth
 + Level 2.3 Spellcasting
 + Level 0.5 Conjurations
 + Level 4.0 Fire Magic


You had 3 spell levels left.
You knew the following spells:

 Your Spells              Type           Power      Damage    Failure   Level
a - Scorch                Fire           30%        2d6       6%          2
b - Magic Dart            Conj           12%        1d3       19%         1
c - Volatile Blastmotes   Fire/Tloc      16%        2d11      30%         3

Your spell library contained the following spells:

 Spells                   Type           Power      Damage    Failure   Level
 Searing Ray              Conj           6%         2d4       28%         2
 Sublimation of Blood     Necr           2%         N/A       34%         2
 Dazzling Flash           Conj/Hex       4%         N/A       52%         3
 Fulminant Prism          Conj/Hex       1%         3d5       90%         4
 Petrify                  Tmut/Erth      2%         N/A       92%         4
 Irradiate                Conj/Tmut      1%         3d12      99%         5
 Starburst                Conj/Fire      4%         6d4       100%        6
 Maxwell's Capacitive Co  Air            1%         ∞         100%        8


Dungeon Overview and Level Annotations

Branches:
Dungeon (4/15)
 Temple: D:4-7

Altars:
Ru

Shops:
D:4 *


Innate Abilities, Weirdness & Mutations

You are partially covered in thin metallic scales. (AC +2)
You sometimes gain power by taking damage.
Your touch may inflict minor irresistible damage on your foes.


Message History

Your life force feels restored.
Your base Short Blades skill increases to level 1!
Your Fire Magic skill increases to level 4!
You have reached level 6!
Your demonic ancestry asserts itself...
Thin metallic scales grow over part of your body.
You closely miss the wight.
The wight hits you with a +2 morningstar.
You puncture the wight!
The wight is heavily damaged.
The wight hits you but does no damage.
You hit the wight.
The wight is severely damaged.
The wight hits you with a +2 morningstar!
* * * LOW HITPOINT WARNING * * *
Unknown command.
A protective cloak of flame settles atop you.
The wight hits you with a +2 morningstar.
* * * LOW HITPOINT WARNING * * *
You feel drained.
* * * LOW HITPOINT WARNING * * *
The wight is burned by your cloak of flames.
The wight is almost destroyed.
You hit the wight but do no damage.
The wight is almost destroyed.
The wight hits you but does no damage.
The wight is burned by your cloak of flames.
You destroy the wight!
Your life force feels restored.
You closely miss the wight. The wight hits you but does no damage.
The wight is burned by your cloak of flames.
The wight is moderately damaged.
You hit the wight. Your touch misses the wight.
The wight is severely damaged.
You hit the wight.
The wight is almost destroyed.
The wight hits you with a +2 flail.
* * * LOW HITPOINT WARNING * * *
You feel drained.
You die...

#.#..#######.##...
#.#......###.##.##
#.#...........#.#
#.######.###.##.#
#.# #.# #)##.# #.#
#.# #.##.# #.# #.#
#.##.# #.#
#.###.##.# #@#
#........# #z#
#####.#### #h# #.#


#SK #.# #.. #.# #... #.# .... #.# ..... #.# #.# You could see a hound, a wight,
a ball python and a kobold.

Vanquished Creatures
  3 wights (D:4)
  Jessica (D:2)
  5 adders
  2 worms (D:3)
  4 dart slugs
  4 orcs (D:3)
  7 endoplasms
  5 giant cockroaches
  4 goblins
  5 hobgoblins
  A jackal (D:3)
  5 quokkas
  6 ball pythons
  9 bats
  6 frilled lizards
  3 kobolds
  10 rats
80 creatures vanquished.

Notes
Turn   | Place    | Note
-------+----------+-------------------------------------------
     0 | D:1      | thirtiethelement the Demonspawn Cinder Acolyte began the
                  | quest for the Orb.
     0 | D:1      | Reached XP level 1. HP: 18/18 MP: 2/2
    91 | D:1      | Found a faded altar of an unknown god.
    98 | D:1      | Reached skill level 3 in Fire Magic
   135 | D:1      | Gained mutation: Your touch may inflict minor irresistible
                  | damage on your foes. [demonic ancestry]
   135 | D:1      | Reached XP level 2. HP: 24/24 MP: 3/3
   141 | D:1      | Learned a level 2 spell: Scorch
   630 | D:1      | Reached XP level 3. HP: 29/29 MP: 1/4
   787 | D:1      | Learned a level 1 spell: Magic Dart
  1163 | D:2      | Noticed Jessica
  1168 | D:2      | Killed Jessica
  1169 | D:2      | Gained mutation: You sometimes gain a little power by
                  | taking damage. [demonic ancestry]
  1169 | D:2      | Reached XP level 4. HP: 29/35 MP: 0/6
  2280 | D:3      | Found a sacrificial altar of Ru.
  2441 | D:3      | Reached skill level 1 in Armour
  2487 | D:3      | Gained mutation: You sometimes gain power by taking damage.
                  | [demonic ancestry]
  2487 | D:3      | Reached XP level 5. HP: 32/41 MP: 1/7
  2702 | D:3      | Learned a level 3 spell: Volatile Blastmotes
  3327 | D:4      | Found Dumoodur's Lightly-Used Armoury.
  3377 | D:4      | Reached skill level 1 in Short Blades
  3377 | D:4      | Reached skill level 4 in Fire Magic
  3377 | D:4      | Gained mutation: You are partially covered in thin metallic
                  | scales. (AC +2) [demonic ancestry]
  3377 | D:4      | Reached XP level 6. HP: 22/47 MP: 1/9
  3384 | D:4      | HP: 1/47 [wight/+2 flail (5)]
  3384 | D:4      | Slain by a wight

Illustrated notes

Levels and vault maps discovered:
D:1:      mainiacjoe_arrival_reflecting_pool, layout_basic,
          chequers_ecumenical_altar_simple_redux, minmay_gold_behind_fungi,
          minmay_tromino_v4_c
D:2:      layout_loops_ring, minmay_door_square, st_stairs_8,
          nrook_mini_backslash, uniq_jessica
D:3:      minmay_recursive_quarters, layout_loops_ring,
          nicolae_ru_path_of_blood, kennysheep_generic_room_11
D:4:      layout_basic, minmay_shop_damaged

Skill      XL: |  1  2  3  4  5 |
---------------+----------------+-----
Fire Magic     | 3 4 |  4.0
Long Blades    | 3 |  3.5
Armour         | 1 |  1.7
Spellcasting   | 2 |  2.3
Short Blades   | 1 |  1.2
Fighting       | |  3.6
Dodging        | |  0.8
Stealth        | |  0.2
Conjurations   | |  0.5

Action                     |  1- 3 |  4- 6 || total
---------------------------+-------+-------++-------
  Melee: Falchion          |    68 |     8 ||    76
         Touch             |    11 |     6 ||    17
         Short sword       |       |    51 ||    51
   Cast: Scorch            |     4 |    19 ||    23
         Magic Dart        |     9 |    32 ||    41
         Volatile Blastmot |       |     1 ||     1
 Invoke: Fiery Armour      |       |     1 ||     1
 Armour: Robe              |     5 |       ||     5
         Leather armour    |    23 |    25 ||    48
  Dodge: Dodged            |    55 |    19 ||    74

Table legend: (Time is in decaauts)
 A = Elapsed time spent in this place.
 B = Non-inter-level travel time spent in this place.
 C = Inter-level travel time spent in this place.
 D = Time resting spent in this place.
 E = Time spent auto-exploring this place.
 F = Levels seen in this place.
 G = Mean time per level.
                   A        B        C        D        E       F      G
               +--------+--------+--------+--------+--------+-----+--------+
         Total |   3388 |   3263 |    125 |      0 |   2773 |   4 |  847.0 |
       Dungeon |   3388 |   3263 |    125 |      0 |   2773 |   4 |  847.0 |
               +--------+--------+--------+--------+--------+-----+--------+

Top non-repeatable levels by time:
     D:2: 1215 daAuts
     D:3: 1124 daAuts
     D:1: 900 daAuts
     D:4: 147 daAuts
